Map: Moebius Facility XX-1

Players

Radeus - Winner!

  • Race: Zerg Zerg
  • League: Gold

Gracz - Winner!

  • Race: Terran Terran
  • League: Bronze

Butthole

  • Race: Zerg Zerg

TurboSpunk

  • Race: Terran Terran

VOD

Have the link to the VOD?

Description

Time

  • Played on: Sept. 16, 2016, 4:53 p.m.
  • Length: 17:58
Show
View Real Time Build Order
Export as new Build Order

Radeus Zerg - Winner!

Build Orders: Hatch First, Muta Ling Bane 

Get SALT Encoding   

  12  0:01  Drone  
  13  0:13  Overlord  
  13  0:20  Drone  
  14  0:38  Drone x3  
  17  0:53  Hatchery  
  17  0:56  Drone  
  17  1:01  Drone  
  18  1:04  Extractor  
  17  1:11  Drone  
  18  1:21  Drone  
  19  1:37  Overlord  
  19  1:55  Spawning Pool  
  18  2:10  Drone x2  
  18  2:11  Drone x2  
  22  2:16  Hatchery  
  22  2:20  Drone  
  22  2:23  Drone  
  23  2:31  Drone  
  24  2:37  Drone  
  24  2:39  Drone  
  24  2:42  Drone  
  24  2:43  Queen  
  29  2:45  Queen  
  31  2:58  Drone x2  
  33  3:02  Drone  
  34  3:10  Metabolic Boost  
  34  3:14  Zergling x2  
  35  3:24  Overlord x2  
  35  3:27  Queen  
  35  3:31  Queen  
  35  3:34  Drone x2  
  41  3:40  Extractor, Drone x2  
  42  3:42  Evolution Chamber  
  42  3:43  Drone  
  42  3:44  Drone  
  42  3:45  Drone  
  44  3:51  Zergling x4  
  46  3:57  Drone  
  46  4:00  Drone  
  46  4:02  Drone x4  
  52  4:07  Extractor  
  52  4:08  Extractor  
  49  4:21  Zerg Melee Weapons Level 1  
  49  4:25  Evolution Chamber  
  47  4:37  Zergling x6  
  47  4:38  Zergling x6  
  53  4:45  Lair  
  53  4:52  Drone x2  
  55  4:54  Extractor, Drone  
  55  4:55  Drone x2  
  57  5:03  Overlord x2  
  57  5:22  Zerg Ground Armor Level 1  
  57  5:29  Drone  
  57  5:30  Baneling Nest, Drone x4  
  61  5:37  Extractor  
  60  6:01  Zergling x6  
  60  6:02  Zergling x22  
  73  6:09  Zergling x2  
  73  6:10  Zergling x12  
  74  6:15  Overlord x2  
  72  6:33  Baneling x5  
  72  6:34  Baneling  
  72  6:36  Baneling  
  72  6:37  Baneling  
  72  6:38  Baneling x5  
  72  6:41  Baneling x2  
  72  6:42  Baneling x11  
  72  6:43  Overlord x5  
  72  6:47  Drone  
  73  6:48  Centrifical Hooks  
  73  6:57  Infestation Pit, Drone x2  
  74  7:08  Drone x5  
  78  7:09  Drone x3  
  82  7:26  Zergling x14  
  82  7:27  Zergling x4  
  91  7:34  Pathogen Glands  
  91  7:37  Spire  
  91  7:39  Spire  
  91  7:42  Zerg Melee Weapons Level 2  
  89  7:47  Drone x2  
  89  7:49  Drone x2  
  89  7:51  Drone x4  
  95  7:52  Drone  
  95  7:53  Drone x4  
  102  8:02  Zerg Ground Armor Level 2  
  102  8:19  Zergling x22  
  113  8:30  Hive  
  113  8:33  Burrow, Pneumatized Carapace  
  113  8:53  Zerg Flyer Weapons Level 1, Zerg Flyer Armor Level 1  
  113  8:54  Mutalisk  
  113  8:55  Mutalisk x2  
  119  9:08  Hatchery  
  119  9:09  Zergling x2  
  119  9:10  Zergling x4  
  121  9:17  Overseer  
  121  9:19  Overseer  
  121  9:41  Overlord x2  
  121  9:42  Overlord x9  
  121  10:00  Zerg Melee Weapons Level 3  
  121  10:02  Adrenal Glands  
  121  10:08  Nydus Network  
  121  10:09  Ultralisk Cavern  
  119  10:28  Zergling x2  
  119  10:29  Zergling x8  
  119  10:31  Mutalisk  
  119  10:32  Mutalisk x6  
  138  10:36  Mutalisk  
  130  11:08  Drone x3  
  130  11:10  Queen  
  135  11:12  Mutalisk x2, Corruptor x2  
  135  11:13  Mutalisk, Corruptor  
  147  11:34  Ultralisk  
  153  11:41  Drone x3  
  153  11:43  Extractor  
  153  11:46  Zerg Ground Armor Level 3  
  155  12:00  Zerg Flyer Weapons Level 2  
  155  12:15  Hydralisk Den  
  154  12:19  Nydus Canal  
  154  12:44  Ultralisk x3  
  172  12:52  Chitinous Plating  
  172  12:55  Overlord x2  
  172  12:56  Overlord x2  
  172  13:12  Ultralisk  
  176  13:29  Mutalisk x2  
  176  13:30  Mutalisk x2  
  144  13:55  Ultralisk x2  
  156  14:07  Extractor  
  155  14:28  Zergling x16  
  155  14:29  Zergling x48  
  187  14:44  Overseer x3  
  187  15:12  Zergling x2, Corruptor  
  184  15:17  Zergling x22  
  184  15:18  Zergling x22  
  194  15:28  Zergling x12  
  183  15:30  Zergling x2  
  187  15:59  Hatchery  
  184  16:28  Corruptor x8  
  194  17:33  Extractor, Drone x2  
  194  17:34  Extractor  
Show
View Real Time Build Order
Export as new Build Order

Gracz Terran - Winner!

Build Orders:  

Get SALT Encoding   

  12  0:01  SCV  
  13  0:16  Supply Depot  
  13  0:18  SCV  
  14  0:39  Barracks  
  14  0:45  SCV  
  14  0:49  Refinery  
  15  0:57  SCV  
  16  1:09  SCV  
  17  1:17  Barracks  
  17  1:22  SCV  
  18  1:27  Engineering Bay  
  18  1:33  Marine  
  18  1:34  SCV  
  20  1:51  SCV, Reaper  
  20  1:53  Refinery  
  22  2:04  Orbital Command  
  22  2:07  Reaper  
  23  2:34  Bunker  
  23  2:59  Supply Depot  
  23  3:20  Marine x2, Supply Depot, SCV  
  26  3:33  SCV  
  27  3:38  Factory, Marine x2  
  29  3:44  Barracks  
  29  3:45  SCV  
  30  3:52  Supply Depot  
  30  4:15  Barracks Reactor x2  
  30  4:16  Supply Depot  
  30  4:22  Factory  
  30  4:38  Supply Depot  
  30  4:58  Command Center  
  30  4:59  Terran Infantry Weapons Level 1  
  30  5:07  Engineering Bay  
  30  5:09  Armory  
  30  5:15  Barracks Reactor, Factory Tech Lab  
  30  5:16  Factory Reactor  
  30  5:30  Refinery  
  30  5:31  Refinery  
  30  5:45  Sensor Tower  
  26  6:05  Marine x6  
  31  6:23  Marine x5  
  36  6:54  Missile Turret  
  36  7:15  Missile Turret  
  36  7:19  Bunker  
  36  7:21  SCV  
  37  7:33  SCV  
  38  7:45  SCV  
  39  7:54  Bunker  
  39  7:58  SCV  
  40  8:10  SCV  
  41  8:37  Starport  
  41  8:41  Starport, Factory Tech Lab  
  41  8:47  SCV  
  42  9:06  Stimpack  
  42  9:08  Marine  
  42  9:09  Marine x4  
  47  9:12  Hellion, Widow Mine  
  51  9:26  Barracks, Marine  
  51  9:27  Marine x4  
  56  9:32  Widow Mine  
  56  9:35  Armory  
  58  9:41  Hellion  
  58  9:44  Marine  
  61  9:51  Siege Tank  
  64  9:53  Starport Reactor x2  
  64  10:01  Widow Mine  
  64  10:02  Widow Mine  
  68  10:29  Widow Mine  
  68  10:30  Widow Mine, Orbital Command  
  72  10:42  Factory  
  72  10:44  Medivac x2  
  72  10:45  Medivac x2  
  72  10:48  Marine  
  72  10:49  Marine, Command Center  
  82  10:58  Widow Mine  
  84  11:06  Combat Shields  
  84  11:16  Widow Mine  
  86  11:26  Widow Mine  
  86  11:31  Widow Mine  
  90  11:34  Factory Reactor  
  90  11:42  Terran Vehicle Weapons Level 1  
  90  11:43  Terran Vehicle And Ship Armor Level 1  
  90  11:45  Terran Infantry Armor Level 1, Widow Mine  
  90  11:46  Terran Infantry Weapons Level 2  
  92  11:53  Engineering Bay  
  92  11:55  Widow Mine  
  92  11:59  Widow Mine  
  96  12:06  Orbital Command  
  96  12:11  SCV x2  
  96  12:13  Widow Mine  
  100  12:23  SCV x2, Widow Mine  
  100  12:28  Widow Mine  
  106  12:35  SCV x2  
  108  12:53  Medivac x2  
  108  12:54  Medivac x2  
  108  12:55  Marine  
  117  13:02  Marine x5  
  122  13:13  Marine, Supply Depot  
  123  13:37  Supply Depot  
  123  13:59  Supply Depot  
  113  14:22  Supply Depot  
  113  14:44  Supply Depot  
  111  14:58  Widow Mine  
  111  14:59  Widow Mine x4  
  121  15:01  Marine x6  
  127  15:07  Supply Depot  
  127  15:12  SCV x2  
  127  15:13  SCV  
  130  15:19  Marine x3  
  131  15:27  Widow Mine x5  
  139  15:55  Widow Mine  
  139  15:56  Widow Mine x4  
  143  16:07  Marine x6  
  149  16:22  Refinery  
  149  16:24  Marine, Refinery, Widow Mine x5  
  149  16:25  Marine x2  
  162  16:51  Command Center  
  162  16:52  Widow Mine  
  162  16:53  Widow Mine x3  
  170  16:55  Command Center  
  170  16:56  Command Center  
Show
View Real Time Build Order
Export as new Build Order

Butthole Zerg 

Build Orders: Pool First, Lurkers, Swarm Host 

Get SALT Encoding   

  12  0:29  Spawning Pool  
  11  0:40  Drone x3  
  14  1:37  Overlord x2  
  13  1:54  Queen  
  13  1:56  Zergling x4  
  17  2:13  Extractor  
  16  2:19  Drone x2  
  16  2:20  Extractor  
  15  3:02  Drone x3  
  18  3:08  Drone x3  
  21  3:17  Metabolic Boost  
  21  3:26  Evolution Chamber  
  20  3:32  Roach Warren  
  19  3:40  Zergling x6  
  22  3:50  Lair  
  22  4:27  Spore Crawler  
  18  4:50  Drone x2  
  18  4:51  Drone  
  21  4:58  Hydralisk Den  
  20  5:04  Zerg Missile Weapons Level 1  
  20  5:28  Spore Crawler  
  20  5:29  Lurker Den  
  19  5:49  Hydralisk  
  19  5:50  Hydralisk x4  
  29  6:40  Zergling x2  
  29  6:42  Overlord x3  
  29  6:43  Overlord x2  
  30  7:21  Pneumatized Carapace  
  30  7:33  Lurker x2  
  30  7:34  Lurker  
  30  7:35  Lurker x2  
  35  7:39  Zergling x4  
  35  7:40  Zergling x6  
  40  7:53  Hatchery  
  39  8:19  Zergling x8  
  44  8:20  Zergling x4  
  44  8:25  Queen  
  47  8:57  Spire  
  46  9:10  Roach  
  46  9:14  Roach x4  
  46  9:15  Roach x2  
  60  9:28  Drone  
  60  9:29  Drone  
  62  9:54  Zergling x2  
  62  9:55  Zergling x6  
  66  10:18  Mutalisk  
  66  10:19  Mutalisk x2  
  72  10:55  Overlord x3  
  72  10:56  Overlord  
  61  11:24  Zerg Flyer Weapons Level 1  
  61  11:29  Corruptor  
  63  11:36  Corruptor  
  65  12:17  Infestation Pit  
  64  12:23  Corruptor x2  
  68  13:13  Hatchery  
  58  13:59  Baneling Nest  
  46  14:53  Swarm Host x2  
  46  14:54  Swarm Host x2  
Show
View Real Time Build Order
Export as new Build Order

TurboSpunk Terran 

Build Orders:  

Get SALT Encoding   

  12  0:10  Refinery  
  12  0:22  Supply Depot  
  12  0:36  SCV  
  13  0:48  Barracks, SCV  
  14  1:00  SCV  
  15  1:42  Engineering Bay  
  15  1:46  Barracks Tech Lab  
  15  1:51  Supply Depot  
  15  2:00  Orbital Command  
  15  2:10  Marauder  
  15  2:14  Supply Depot  
  17  2:27  Barracks  
  17  2:32  Marauder  
  19  2:53  Marauder  
  19  2:58  Terran Infantry Weapons Level 1  
  21  3:10  Supply Depot  
  21  3:16  Combat Shields  
  21  3:24  Refinery  
  21  3:43  Marine  
  22  3:50  SCV  
  23  4:01  Marine  
  23  4:02  SCV  
  25  4:14  Marauder  
  27  4:19  Marine  
  28  4:35  Marauder  
  28  4:37  Marine  
  31  4:52  Terran Infantry Armor Level 1  
  31  4:55  Marine  
  31  4:56  Marauder  
  34  5:01  Concussive Shells  
  34  5:13  Barracks Reactor  
  34  5:18  Marauder  
  36  5:51  Sensor Tower  
  17  6:48  Supply Depot  
  17  7:12  Supply Depot  
  17  7:14  Command Center  
  17  7:35  Supply Depot  
  17  7:36  Hi-Sec Auto Tracking  
  17  7:59  Supply Depot  
  17  8:30  Supply Depot  
  17  8:33  Building Armor  
  17  8:47  Marauder  
  19  8:50  Marine x2  
  21  8:56  SCV  
  22  9:08  Marine x2, SCV, Marauder  
  27  9:20  SCV  
  27  9:21  Supply Depot  
  27  9:24  Missile Turret  
  28  9:26  Marine x2  
  28  9:30  Marauder  
  32  9:32  SCV  
  33  9:43  Marine, Supply Depot  
  33  9:44  Marine, SCV  
  36  9:51  Marauder  
  38  9:56  SCV  
  39  10:08  Missile Turret, SCV  
  39  10:12  Marauder  
  42  10:20  SCV  
  43  10:27  Supply Depot  
  36  11:15  SCV  
  36  11:16  Missile Turret  
  37  11:26  Missile Turret  
  37  11:27  SCV  
  38  11:39  Marine, SCV  
  39  11:40  Marine  
  41  11:51  SCV  
  42  11:57  Marine x2  
  44  12:04  SCV  
  45  12:15  Marine x2  
  45  12:16  SCV  
  45  12:17  Missile Turret  
  48  12:28  SCV  
  49  12:33  Marine x2  
  51  12:39  Missile Turret  
  51  12:40  SCV  
  52  12:52  SCV  
  53  13:17  Refinery  
  53  13:22  Refinery  
  53  13:34  Missile Turret  
  47  14:31  Missile Turret  
  47  15:04  Factory  
  47  15:13  Marine x2  
  44  15:30  Marine  
  38  15:39  Marine  
  37  16:02  Marauder  
  38  16:06  Hellion  
  8  17:32  SCV  
Tags
 
Add a new tag
Caveats
  • Supply blocks, unpowered buildings, or Contaminate may cause inaccurate times.
  • Supply counts are checked every 10 seconds.